 Dungeon Crawl Stone Soup version 0.30-a0-557-ge2afbf3030 (webtiles) character file.

Game seed: 1236711666759951931

56 billz999 the Skirmisher (level 3, -7/31 HPs)
             Began as a Gnoll Hunter on Dec 27, 2022.
             Killed from afar by Crazy Yiuf (16 damage)
             ... with a bolt of light
             ... on level 2 of the Dungeon.
             The game lasted 00:02:06 (1474 turns).

billz999 the Skirmisher (Gnoll Hunter)              Turns: 1474, Time: 00:02:07

Health: -7/31      AC:  1    Str: 10    XL:     3   Next: 95%
Magic:  4/4        EV: 13    Int:  8    God:
Gold:   103        SH:  0    Dex: 17    Spells: 3/4 levels left

rFire   . . .      SeeInvis .    a - +1 shortbow
rCold   . . .      Faith    .    (shield currently unavailable)
rNeg    . . .      Spirit   .    c - +0 leather armour
rPois   .          Reflect  .    (no helmet)
rElec   .          Harm     .    (no cloak)
rCorr   .          Rampage  .    (no gloves)
Will    +....                    (no boots)
Stlth   +                        (no amulet)
HPRegen 0.25/turn                (no ring)
MPRegen 0.09/turn                (no ring)

@: confused
A: fangs 1, strong nose, distributed training, deformed body, strong-willed 1
a: no special abilities


You were on level 2 of the Dungeon.
You visited 1 branch of the dungeon, and saw 2 of its levels.

You collected 103 gold pieces.

Inventory:

Hand Weapons
 a - a +1 shortbow (weapon)
 g - a +3 short sword
Missiles
 f - 4 poisoned darts
Armour
 c - a +0 leather armour (worn)
Jewellery
 j - a ring of ice
 k - an amulet of faith
Scrolls
 b - 2 scrolls of immolation
 e - 2 scrolls of noise
 h - a scroll of magic mapping {unknown}
 m - a scroll of identify {unknown}
Potions
 i - a potion of attraction {unknown}
 l - a potion of curing {unknown}


   Skills:
 + Level 4.6 Fighting
 + Level 1.0 Short Blades
 + Level 1.0 Long Blades
 + Level 1.0 Axes
 + Level 1.0 Maces & Flails
 + Level 1.0 Polearms
 + Level 1.0 Staves
 + Level 8.5 Ranged Weapons
 + Level 1.0 Throwing
 + Level 1.0 Armour
 + Level 4.6 Dodging
 + Level 2.5 Stealth
 + Level 1.0 Shields
 + Level 1.0 Unarmed Combat
 + Level 1.0 Spellcasting
 + Level 0.7 Conjurations
 + Level 0.7 Hexes
 + Level 0.7 Summonings
 + Level 0.7 Necromancy
 + Level 0.7 Translocations
 + Level 0.7 Transmutations
 + Level 0.7 Fire Magic
 + Level 0.7 Ice Magic
 + Level 0.7 Air Magic
 + Level 0.7 Earth Magic
 + Level 0.7 Poison Magic
 + Level 1.1 Invocations
 + Level 1.0 Evocations


You had 3 spell levels left.
You knew the following spells:

 Your Spells              Type           Power      Damage    Failure   Level
a - Sandblast             Erth           2%         2d4       36%         1

Your spell library contained the following spells:

 Spells                   Type           Power      Damage    Failure   Level
 Passwall                 Tmut/Erth      0%         N/A       52%         2
 Stone Arrow              Conj/Erth      2%         3d7       75%         3


Dungeon Overview and Level Annotations

Branches:
Dungeon (2/15)

Altars:
Zin

Annotations:
D:2 Crazy Yiuf


Innate Abilities, Weirdness & Mutations

You have very sharp teeth.
Your uncanny sense of smell can sniff out nearby items.
Your experience applies equally to all skills.
Armour fits poorly on your strangely shaped body.
You are strong-willed. (Will+)


Message History

You open the door.
There is an open door here.
There is an open door here.
There is an open door here.
There is an open door here.
You see here a +0 club.
A frilled lizard comes into view.
You shoot an arrow. The arrow hits the frilled lizard.
You kill the frilled lizard!
Search for what [? for help]? pois You see here a +0 club.
There is an open door here.
There is an open door here.
You see here a rat skeleton.
You see here a hobgoblin skeleton.
There is an open door here.
There is an open door here.
You see here 4 poisoned darts.
f - 4 poisoned darts
There is an open door here.
There is an open door here.
Found a stone staircase leading up.
There is an open door here.
You open the door.
Crazy Yiuf shouts!
Crazy Yiuf zaps a wand.
The bolt of light hits you!
You shoot an arrow. The arrow closely misses Crazy Yiuf.
Crazy Yiuf zaps a wand.
The bolt of light hits you!
You are confused.
Ouch! That really hurt!
* * * LOW HITPOINT WARNING * * *
Unknown command.
You are too confused!
Unknown command.
It was a potion of mutation.
You feel extremely strange.
Your body twists and deforms.
You feel strong-willed.
Crazy Yiuf zaps a wand.
The bolt of light hits you!
You are more confused.
Ouch! That really hurt!
You die...

####.......###....####.....#
#. ...........# #....#
#.....# #. .###...[...#
♣....♣ #.....# #.
'###.......# ♣...♣♣ #.....#
#. ...#.####### ♣♣.♣♣
#.....# #. ...#.####### ♣.♣♣
#.....# ## ...#.#.....# ♣♣.♣
#...######## ...#.#.....#
♣.♣♣ #...'.......
...#.#.....# ♣♣@♣
#...######## ####.#.....#
#'# #...........
####.#.....# ...
#....####..# ..##.#.....#
#...# #....# #..#
..##.#.....# #.g)# #....#
#..# ..##.#.....# #####
#....# #... ..##.#.....#
#....#####.# ####.......####
#....'.....# ÷.#######.....#
######...#######


You could see Crazy Yiuf.

Vanquished Creatures
  An adder (D:2)
  4 bats
  5 endoplasms
  3 giant cockroaches
  4 goblins
  4 hobgoblins
  4 jackals (D:2)
  4 quokkas
  6 frilled lizards
  2 kobolds
  3 rats
40 creatures vanquished.

Notes
Turn   | Place    | Note
-------+----------+-------------------------------------------
     0 | D:1      | billz999 the Gnoll Hunter began the quest for the Orb.
     0 | D:1      | Reached XP level 1. HP: 20/20 MP: 1/1
   188 | D:1      | Reached XP level 2. HP: 26/26 MP: 2/2
   617 | D:2      | Learned a level 1 spell: Sandblast
   645 | D:2      | Found a runed translucent door.
   646 | D:2      | Noticed Crazy Yiuf
   730 | D:2      | Reached XP level 3. HP: 31/31 MP: 3/3
   975 | D:2      | Found a glowing silver altar of Zin.
   983 | D:2      | Reached skill level 1 in Invocations
  1052 | D:2      | Reached skill level 1 in Short Blades
  1052 | D:2      | Reached skill level 1 in Long Blades
  1052 | D:2      | Reached skill level 1 in Axes
  1052 | D:2      | Reached skill level 1 in Maces & Flails
  1052 | D:2      | Reached skill level 1 in Polearms
  1052 | D:2      | Reached skill level 1 in Staves
  1052 | D:2      | Reached skill level 1 in Throwing
  1052 | D:2      | Reached skill level 1 in Armour
  1052 | D:2      | Reached skill level 1 in Shields
  1052 | D:2      | Reached skill level 1 in Unarmed Combat
  1052 | D:2      | Reached skill level 1 in Spellcasting
  1052 | D:2      | Reached skill level 1 in Evocations
  1474 | D:2      | Gained mutation: Armour fits poorly on your strangely
                  | shaped body. [potion of mutation]
  1474 | D:2      | Gained mutation: You are strong-willed. (Will+) [potion of
                  | mutation]
  1474 | D:2      | Killed from afar by Crazy Yiuf

Illustrated notes

Levels and vault maps discovered:
D:1:      minmay_arrival_four_houses, layout_loops_ring
D:2:      layout_basic, basic_altar, uniq_crazy_yiuf_cottage

Skill      XL: |  1  2  3 |
---------------+----------+-----
Invocations    | 1 |  1.1
Short Blades   | 1 |  1.0
Long Blades    | 1 |  1.0
Axes           | 1 |  1.0
Maces & Flails | 1 |  1.0
Polearms       | 1 |  1.0
Staves         | 1 |  1.0
Throwing       | 1 |  1.0
Armour         | 1 |  1.0
Shields        | 1 |  1.0
Unarmed Combat | 1 |  1.0
Spellcasting   | 1 |  1.0
Evocations     | 1 |  1.0
Fighting       | |  4.6
Ranged Weapons | |  8.5
Dodging        | |  4.6
Stealth        | |  2.5
Conjurations   | |  0.7
Hexes          | |  0.7
Summonings     | |  0.7
Necromancy     | |  0.7
Translocations | |  0.7
Transmutations | |  0.7
Fire Magic     | |  0.7
Ice Magic      | |  0.7
Air Magic      | |  0.7
Earth Magic    | |  0.7
Poison Magic   | |  0.7

Action                   || total
-------------------------++-------
 Fire: Shortbow          ||    86
  Use: Scroll            ||     3
       Potion            ||     1
Armor: Leather armour    ||     2
Dodge: Dodged            ||    13

Table legend: (Time is in decaauts)
 A = Elapsed time spent in this place.
 B = Non-inter-level travel time spent in this place.
 C = Inter-level travel time spent in this place.
 D = Time resting spent in this place.
 E = Time spent auto-exploring this place.
 F = Levels seen in this place.
 G = Mean time per level.
                   A        B        C        D        E       F      G
               +--------+--------+--------+--------+--------+-----+--------+
         Total |   1484 |   1391 |     93 |      0 |   1223 |   2 |  742.0 |
       Dungeon |   1484 |   1391 |     93 |      0 |   1223 |   2 |  742.0 |
               +--------+--------+--------+--------+--------+-----+--------+

Top non-repeatable levels by time:
     D:2: 913 daAuts
     D:1: 571 daAuts
